 Dungeon Crawl Stone Soup version 0.17-a0-1404-gb8113a6 (webtiles) character file.

114 Tubaspinach the Shield-Bearer (level 5, 0/42 HPs)
             Began as a Formicid Fighter on June 22, 2015.
             Slain by an orc
             ... wielding a +0 trident
              (8 damage)
             ... on level 3 of the Dungeon.
             The game lasted 00:11:21 (2084 turns).

Tubaspinach the Shield-Bearer (Formicid Fighter)    Turns: 2084, Time: 00:11:22

Health: 0/42       AC:  7    Str: 21    XL:     5   Next: 19%
Magic:  14/14      EV:  8    Int: 10    God:
Gold:   60         SH:  9    Dex: 10    Spells: 0 memorised, 4 levels left

rFire  . . .     SeeInvis +     a - +0 flail
rCold  . . .     Clarity  .     b - +0 scale mail
rNeg   . . .     SustAt   .     c - +0 shield
rPois  .         Gourm    .     (helmet unavailable)
rElec  .         Spirit   .     (no cloak)
rCorr  .         Warding  .     (no gloves)
rMut   +         Stasis   +     (no boots)
MR     .....                    D - amulet of resist mutation
Stlth  ..........               F - +2 ring of intelligence
                                n - ring of magical power

@: not resistant to hostile enchantments, extremely unstealthy
A: permanent stasis, dig shafts and tunnels, four strong arms, antennae 3
a: Dig, Shaft Self


You were on level 3 of the Dungeon.
You were not hungry.

You visited 1 branch of the dungeon, and saw 3 of its levels.

You collected 60 gold pieces.

Inventory:

Hand weapons
 a - a +0 flail (weapon)
 w - a +0 short sword of venom
 C - a +0 morningstar
 E - a +0 whip
 I - a +0 short sword
 J - a +0 mace
Armour
 b - a +0 scale mail (worn)
 c - a +0 shield (worn)
 m - a +0 shield
 q - a +0 ring mail
 K - a +0 chain mail
Jewellery
 n - a ring of magical power (left hand)
 D - an amulet of resist mutation (around neck)
 F - a +2 ring of intelligence (right hand)
 L - an uncursed ring of wizardry
Magical devices
 e - a wand of heal wounds (2)
Scrolls
 r - a scroll of enchant armour {unknown}
 s - a scroll of blinking {unknown}
 u - 2 scrolls of remove curse {unknown}
 x - a scroll of teleportation {unknown}
 y - a scroll of recharging {unknown}
 A - a scroll of enchant weapon {unknown}
 G - a scroll of random uselessness {unknown}
Potions
 d - 2 potions of might
 g - a potion of brilliance {unknown}
 h - a potion of invisibility {unknown}
 i - a potion of cure mutation {unknown}
 j - a potion of agility
 l - a potion of curing {unknown}
 p - a potion of cancellation {unknown}
 t - 2 potions of haste {unknown}
 v - 2 potions of heal wounds {unknown}
Comestibles
 f - a meat ration
 o - 2 fruits
 z - a bread ration
 B - a slice of pizza


   Skills:
 + Level 4.0 Fighting
 + Level 2.7 Maces & Flails
 + Level 0.1 Throwing
 + Level 3.9 Armour
 + Level 1.4 Dodging
 + Level 0.3 Stealth
 + Level 4.4 Shields


You had 4 spell levels left.
You didn't know any spells.

Dungeon Overview and Level Annotations

Branches:
Dungeon (3/15)

Altars:
Xom


Innate Abilities, Weirdness & Mutations

You are under a permanent stasis effect.
You can dig through walls and to a lower floor.
Your four strong arms can wield two-handed weapons with a shield.
You have a pair of large antennae on your head (SInv).


Message History

Evoke which item? (* to show all) (? for menu, Esc to quit)
Zapping:
e - a wand of heal wounds (will waste charges)
Press: ? - help, Shift-Dir - straight line, f - you Nothing appears to happen.
Evoking this partially-identified wand wasted a few charges.
The orc wizard hits you but does no damage.
You bump into the rock wall.
You feel less confused. The orc hits you but does no damage.
The orc wizard casts a spell at you. The magic dart hits you!
You sock the orc wizard!
You kill the orc wizard!
Your Fighting skill increases to level 4!
You have reached level 5!
The orc hits you with a trident.
* * * LOW HITPOINT WARNING * * *
You hit the orc but do no damage. The orc hits you but does no damage.
The orc hits you with a trident!
You die...

#..####....###(
#... #..# #....#
#. ###...####..##
#....# #.
.'....#.....#
####^# #.
.##....#..†..#
..__≈##
..((...#.....##
.≈.≈...#
#....#...<..#≈...
≈≈
#...o#......^#.≈.
#...)@.....##.≈#.
#...##.....# #...
#.. #.....# #._
## #.....# ##
#.....# #######


You could see an orc.

Vanquished Creatures
  Terence (D:3)
  An orc wizard (D:3)
  2 oozes
  A giant gecko (D:2)
  5 orcs (D:3)
  A ball python (D:2)
  6 bats
  4 giant cockroaches
  5 hobgoblins
  3 jackals (D:2)
  A quokka (D:3)
  A giant gecko zombie (D:3)
  6 giant newts
  6 goblins
  6 kobolds
  3 rats (D:1)
52 creatures vanquished.

Notes
Turn   | Place    | Note
--------------------------------------------------------------
     0 | D:1      | Tubaspinach the Formicid Fighter began the quest for the Orb.
     0 | D:1      | Reached XP level 1. HP: 18/18 MP: 1/1
   200 | D:1      | Reached XP level 2. HP: 20/24 MP: 2/2
   661 | D:2      | Reached skill level 4 in Shields
   668 | D:2      | Reached XP level 3. HP: 22/29 MP: 3/3
  1715 | D:3      | Reached XP level 4. HP: 32/37 MP: 4/4
  1820 | D:3      | Reached skill level 1 in Dodging
  1999 | D:3      | Found a shimmering altar of Xom.
  1999 | D:3      | Found a shimmering altar of Xom.
  2007 | D:3      | Noticed Terence
  2031 | D:3      | Killed Terence
  2032 | D:3      | Found a shimmering altar of Xom.
  2083 | D:3      | Reached XP level 5. HP: 11/42 MP: 5/5
  2084 | D:3      | Slain by an orc

Vault maps used:
D:1:      dpeg_arrival_simpleton_a
D:2:      grunt_ministairs_8
D:3:      xom_redecorated, first_bread, grunt_ministairs_2, uniq_terence

Action                   |  1- 3 |  4- 6 || total
-------------------------+-------+-------++-------
Melee: Flail             |   101 |    92 ||   193
Throw: Tomahawk          |       |     4 ||     4
 Abil: Dig               |     3 |       ||     3
Evoke: Wand              |       |     1 ||     1
  Use: Scroll            |       |     3 ||     3
  Eat: Bread ration      |     1 |       ||     1
